 Dungeon Crawl Stone Soup version 0.22-b1-59-g0aedee7 (webtiles) character file.

2424 nicolaieve the Basher (level 9, 70/70 HPs)
             Began as a Minotaur Berserker on Aug 9, 2018.
             Was an Elder of Trog.
             Quit the game on level 7 of the Dungeon.
             The game lasted 00:24:33 (4734 turns).

nicolaieve the Basher (Minotaur Berserker)          Turns: 4734, Time: 00:24:34

Health: 70/70      AC:  9    Str: 22    XL:     9   Next: 24%
Magic:  13/13      EV:  9    Int:  4    God:    Trog [****..]
Gold:   363        SH:  4    Dex: 17    Spells: 8/8 levels left

rFire    . . .     SeeInvis .   e - +1 whip
rCold    . . .     Gourm    .   (no shield)
rNeg     . . .     Faith    .   t - -1 chain mail (curse)
rPois    .         Spirit   .   (helmet restricted)
rElec    .         Reflect  +   (no cloak)
rCorr    .         Harm     .   q - +1 pair of gloves
MR       .....                  (no boots)
Stlth    ..........             s - +4 amulet of reflection
HPRegen  0.21/turn              g - ring of attention (curse)
MPRegen  0.13/turn              u - +4 ring of dexterity

@: no status effects
A: retaliatory headbutt, horns 2
a: Berserk, Trog's Hand, Brothers in Arms, Renounce Religion


You were on level 7 of the Dungeon.
You worshipped Trog.
Trog was greatly pleased with you.
You were not hungry.

You visited 1 branch of the dungeon, and saw 7 of its levels.

You collected 363 gold pieces.

Inventory:

Hand Weapons
 e - a +1 whip (weapon)
Armour
 n - a +0 chain mail
 q - a +1 pair of gloves (worn)
 t - a cursed -1 chain mail (worn)
Jewellery
 g - a cursed ring of attention (left hand)
 s - a +4 amulet of reflection (around neck)
 u - a +4 ring of dexterity (right hand)
 z - an uncursed ring of protection from cold {unknown}
 A - a cursed amulet of inaccuracy {unknown}
 C - an uncursed amulet of harm {unknown}
Wands
 d - a wand of paralysis (10)
 o - a wand of disintegration (12)
 p - a wand of flame (21)
 r - a wand of acid (13)
 y - a wand of random effects (28)
Scrolls
 a - a scroll of enchant armour
 h - a scroll of fear
 i - a scroll of remove curse
 l - 3 scrolls of teleportation {unknown}
 w - a scroll of brand weapon {unknown}
 x - a scroll of enchant weapon
 B - a scroll of identify
Potions
 f - a potion of flight
 j - a potion of resistance
 k - 3 potions of curing
 m - 3 potions of agility
 v - 2 potions of mutation
Comestibles
 b - 2 chunks of flesh
 c - 17 rations


   Skills:
 - Level 3.6 Fighting
 - Level 12.0 Maces & Flails
 - Level 2.4 Armour
 - Level 2.1 Dodging
 + Level 6.9 Evocations


You had 8 spell levels left.
You didn't know any spells.
Your spell library was empty.

Dungeon Overview and Level Annotations

Branches:
Dungeon (7/15)             Temple (0/1) D:7

Altars:
Fedhas
Nemelex Xobeh
Okawaru


Innate Abilities, Weirdness & Mutations

You reflexively headbutt those who attack you in melee.
You have a pair of horns on your head.


Message History

You see here a worker ant corpse.
You butcher the worker ant corpse.
b - 8 chunks of flesh (gained 2)
There is an open door here.
C - a runed diamond amulet Some of the chunks of flesh in your inventory have rotted away.
You see here a war axe.
Found a stone staircase leading down.
There is a stone staircase leading down here.
You found an alarm trap!
You now have 348 gold pieces (gained 22).
You found a teleport trap!
You now have 363 gold pieces (gained 15).
Found a plate armour.
Unknown command.
Unknown command.
Quiver which item? (- for none, * to show all) (? for menu, Esc to quit)
Okay, then.
Okay, then.
Are you sure you want to abandon this character and quit the game? (Confirm with "yes".)

############ ## ...........# ...
#### .........##.##.##...
.........#.##.#....
#.........##.#.... .
#.........##.#....
...####.......#.##.#....
..............#.........
..[....@......+.........
..............#.....####
..............#.........
........................
.####...........##...^.........
.........##.......##....###.....
.........##.......##............
..........##....>..##............
..........##.......##............


There were no monsters in sight!

Vanquished Creatures
  Duvessa (D:7)
  A sky beast (D:5)
  3 ice beasts
  Purgy (D:3)
  6 ogres
  A phantom (D:5)
  3 bullfrogs (D:6)
  Dowan (D:7)
  3 scorpions
  3 howler monkeys
  2 crimson imps
  A bullfrog zombie (D:5)
  An orc priest (D:6)
  2 hounds
  8 orc wizards
  A bullfrog skeleton (D:6)
  4 worker ants
  A hound skeleton (D:7)
  A gnoll (D:3)
  4 adders
  A shadow imp (D:5)
  2 oozes
  An adder zombie (D:5)
  An adder skeleton (D:4)
  4 worms
  3 leopard geckos
  36 orcs
  6 bats
  5 giant cockroaches
  5 goblins
  7 hobgoblins
  7 jackals
  10 kobolds
  2 quokkas
  4 ball pythons
  3 frilled lizards
  A quokka skeleton (D:4)
  9 rats
155 creatures vanquished.

Notes
Turn   | Place    | Note
-------+----------+-------------------------------------------
     0 | D:1      | nicolaieve the Minotaur Berserker began the quest for the Orb.
     0 | D:1      | Reached XP level 1. HP: 19/19 MP: 0/0
    44 | D:1      | Reached skill level 4 in Maces & Flails
   166 | D:1      | Reached XP level 2. HP: 20/26 MP: 1/1
   856 | D:2      | Reached skill level 5 in Maces & Flails
   935 | D:2      | Reached XP level 3. HP: 31/31 MP: 2/2
  1026 | D:2      | Reached ** piety under Trog
  1332 | D:2      | Found a sparkling altar of Nemelex Xobeh.
  1501 | D:2      | Reached skill level 6 in Maces & Flails
  1501 | D:2      | Reached XP level 4. HP: 37/39 MP: 3/3
  1601 | D:3      | Found an iron altar of Okawaru.
  1646 | D:3      | Noticed Purgy
  1653 | D:3      | Killed Purgy
  1653 | D:3      | Reached skill level 7 in Maces & Flails
  1653 | D:3      | Reached XP level 5. HP: 45/45 MP: 4/4
  1997 | D:3      | Reached skill level 8 in Maces & Flails
  1997 | D:3      | Reached XP level 6. HP: 51/51 MP: 5/5
  2105 | D:3      | Reached *** piety under Trog
  2712 | D:4      | Found a blossoming altar of Fedhas.
  2904 | D:4      | Reached skill level 9 in Maces & Flails
  2938 | D:4      | Reached XP level 7. HP: 46/57 MP: 6/6
  3047 | D:4      | Reached skill level 10 in Maces & Flails
  3145 | D:5      | Entered Level 5 of the Dungeon
  3320 | D:5      | Found an iron altar of Okawaru.
  3502 | D:5      | Reached skill level 11 in Maces & Flails
  3507 | D:5      | Reached **** piety under Trog
  3544 | D:5      | Reached XP level 8. HP: 40/64 MP: 7/7
  3806 | D:6      | Reached skill level 12 in Maces & Flails
  3851 | D:6      | Reached skill level 1 in Evocations
  4103 | D:6      | Reached skill level 5 in Evocations
  4298 | D:7      | Noticed Dowan
  4301 | D:7      | Noticed Duvessa
  4311 | D:7      | Killed Duvessa
  4311 | D:7      | Reached XP level 9. HP: 70/70 MP: 12/12
  4318 | D:7      | Killed Dowan
  4453 | D:7      | Found a staircase to the Ecumenical Temple.
  4734 | D:7      | Quit the game

Skill      XL: |  1  2  3  4  5  6  7  8  9 |
---------------+----------------------------+-----
Maces & Flails | 4 5 6 7 8 9 11 12 | 12.0
Evocations     | 5 6 |  6.9
Fighting       | |  3.6
Armour         | |  2.4
Dodging        | |  2.1

Action                   |  1- 3 |  4- 6 |  7- 9 || total
-------------------------+-------+-------+-------++-------
Melee: Mace              |    24 |       |       ||    24
       Whip              |    74 |   141 |   277 ||   492
       Headbutt          |    15 |    25 |    82 ||   122
Invok: Berserk           |       |     3 |     3 ||     6
       Trog's Hand       |       |       |     1 ||     1
  Use: Scroll            |       |       |    13 ||    13
 Stab: Sleeping          |       |     1 |       ||     1
  Eat: Chunk             |     2 |     6 |    10 ||    18
Armor: Animal skin       |    12 |       |       ||    12
       Leather armour    |    12 |       |       ||    12
       Chain mail        |       |    57 |    70 ||   127
Dodge: Dodged            |    52 |    35 |    56 ||   143
Block: Other             |       |       |    21 ||    21
